| TOP OF THE 1ST |
|
San Jose Giants batting - Pitching for Mississippi Braves : LHP Mark Gehring
|
|
Pitching: LHP Mark Gehring
|
|
|
Batting: RHB Guillermo Mojica
|
0-0: Called Strike 0-1: Foul Ball, location: 2F 0-2: Ball 1-2: Ball 2-2: Ball 3-2: Strikes out swinging
|
|
Batting: RHB Chris Bittner
|
0-0: Ball 1-0: Ball 2-0: Ball 3-0: Called Strike 3-1: Base on Balls
|
|
Batting: RHB Laroya Foronda
|
0-0: Foul Ball, location: 2F 0-1: Swinging Strike 0-2: Ball 1-2: Ball 2-2: Ball 3-2: Base on Balls Chris Bittner to second
|
|
Batting: RHB Billy Pranger
|
0-0: Ball 1-0: Ball 2-0: Called Strike 2-1: SINGLE (Groundball, P, EV 87.5 MPH) (infield hit) Chris Bittner to third Laroya Foronda to second
|
|
Batting: LHB Ryan Braden
|
0-0: Ball 1-0: Swinging Strike 1-1: Ball 2-1: Fielders Choice at 2nd, 4-6 (Groundball, 4, EV 86.2 MPH) Chris Bittner scores Laroya Foronda to third
|
|
Batting: RHB Azedine Kirui
|
0-0: Fly out, F9 (Flyball, 9, EV 86.9 MPH)
|
| Top of the 1st over - 1 run, 1 hit, 0 errors, 2 left on base; San Jose 1 - Mississippi 0 |
| BOTTOM OF THE 1ST |
|
Mississippi Braves batting - Pitching for San Jose Giants : LHP Drew Roemer
|
|
Pitching: LHP Drew Roemer
|
|
|
Batting: LHB Sal Fernandez
|
0-0: Called Strike 0-1: Swinging Strike 0-2: Ball 1-2: DOUBLE (Flyball, 5D, EV 101.2 MPH)
|
|
Batting: RHB Eddie McCoy
|
0-0: Foul Ball, location: 2F 0-1: Foul Ball, location: 2F 0-2: Ball 1-2: Strikes out swinging
|
|
Batting: RHB Luis Restrepo
|
0-0: Foul Ball, location: 2F 0-1: Ball 1-1: Swinging Strike 1-2: DOUBLE (Groundball, 3L, EV 106.2 MPH) Sal Fernandez scores
|
|
Batting: RHB Paul Landes
|
0-0: Fly out, F8 (Flyball, 8RS, EV 81.9 MPH)
|
|
Batting: SHB Jose Melendez
|
0-0: Called Strike 0-1: Ball 1-1: Called Strike 1-2: Strikes out swinging
|
| Bottom of the 1st over - 1 run, 2 hits, 0 errors, 1 left on base; San Jose 1 - Mississippi 1 |
| TOP OF THE 2ND |
|
San Jose Giants batting - Pitching for Mississippi Braves : LHP Mark Gehring
|
|
Batting: SHB David Beauchamp
|
0-0: Ground out 6-3 (Groundball, 6, EV 100.6 MPH)
|
|
Batting: RHB Adam Noyes
|
0-0: Ball 1-0: Foul Ball, location: 2F 1-1: Foul Ball, location: 2F 1-2: Foul Ball, location: 2F 1-2: Ball 2-2: Strikes out swinging
|
|
Batting: LHB Yeong-hun Joe
|
0-0: Ball 1-0: Ball 2-0: Called Strike 2-1: Foul Ball, location: 2F 2-2: Ball 3-2: Foul Ball, location: 2F 3-2: Foul Ball, location: 2F 3-2: Strikes out looking
|
| Top of the 2nd over - 0 runs, 0 hits, 0 errors, 0 left on base; San Jose 1 - Mississippi 1 |
| BOTTOM OF THE 2ND |
|
Mississippi Braves batting - Pitching for San Jose Giants : LHP Drew Roemer
|
|
Batting: LHB Oke Monti
|
0-0: Ball 1-0: Called Strike 1-1: SINGLE (Groundball, 34D, EV 97.5 MPH)
|
|
Batting: RHB Elias Vences
|
0-0: Called Strike 0-1: Swinging Strike 0-2: Strikes out swinging
|
|
Batting: RHB Gerard Michel
|
0-0: Foul Ball, location: 2F 0-1: Called Strike 0-2: Ball 1-2: Ball 2-2: Grounds into double play, 5-4-3 (Groundball, 56S, EV 90.0 MPH)
|
| Bottom of the 2nd over - 0 runs, 1 hit, 0 errors, 0 left on base; San Jose 1 - Mississippi 1 |
| TOP OF THE 3RD |
|
San Jose Giants batting - Pitching for Mississippi Braves : LHP Mark Gehring
|
|
Batting: RHB Guillermo Mojica
|
0-0: Ball 1-0: Bunt missed! 1-1: Ground out 6-3 (Groundball, 6, EV 108.8 MPH)
|
|
Batting: RHB Chris Bittner
|
0-0: Swinging Strike 0-1: Called Strike 0-2: Strikes out swinging
|
|
Batting: RHB Laroya Foronda
|
0-0: Fly out, F9 (Flyball, 9S, EV 94.4 MPH)
|
| Top of the 3rd over - 0 runs, 0 hits, 0 errors, 0 left on base; San Jose 1 - Mississippi 1 |
| BOTTOM OF THE 3RD |
|
Mississippi Braves batting - Pitching for San Jose Giants : LHP Drew Roemer
|
|
Batting: LHB Luis Cruz
|
0-0: SINGLE (Groundball, 34D, EV 102.5 MPH)
|
|
Batting: LHB Sal Fernandez
|
0-0: Ball 1-0: Swinging Strike 1-1: Fielders Choice at 2nd, 6-4 (Groundball, 6, EV 87.5 MPH)
|
|
Batting: RHB Eddie McCoy
|
0-0: Foul Ball, location: 2F 0-1: Ball 1-1: Ball 2-1: Foul Ball, location: 2F 2-2: Ball 3-2: Fly out, F7 (Flyball, 78M, EV 96.2 MPH)
|
|
Batting: RHB Luis Restrepo
|
0-0: Called Strike 0-1: Ball 1-1: Called Strike 1-2: Foul Ball, location: 2F 1-2: Ball 2-2: Foul Ball, location: 2F 2-2: Strikes out swinging
|
| Bottom of the 3rd over - 0 runs, 1 hit, 0 errors, 1 left on base; San Jose 1 - Mississippi 1 |
| TOP OF THE 4TH |
|
San Jose Giants batting - Pitching for Mississippi Braves : LHP Mark Gehring
|
|
Batting: RHB Billy Pranger
|
0-0: Ball 1-0: Ball 2-0: Foul Ball, location: 2F 2-1: Ball 3-1: Base on Balls
|
|
Batting: LHB Ryan Braden
|
0-0: Ball 1-0: Foul Ball, location: 2F 1-1: Called Strike 1-2: Ball 2-2: Foul Ball, location: 2F 2-2: Fielders Choice at 2nd, 4-6 (Groundball, 4, EV 83.1 MPH)
|
|
Batting: RHB Azedine Kirui
|
0-0: Ball Ryan Braden steals 2nd base 1-0: Swinging Strike 1-1: Swinging Strike 1-2: Ball 2-2: Foul Ball, location: 2F 2-2: Strikes out swinging
|
|
Batting: SHB David Beauchamp
|
0-0: Ball 1-0: Called Strike 1-1: Ball 2-1: Foul Ball, location: 2F 2-2: Ball 3-2: Foul Ball, location: 2F 3-2: Strikes out swinging
|
| Top of the 4th over - 0 runs, 0 hits, 0 errors, 1 left on base; San Jose 1 - Mississippi 1 |
| BOTTOM OF THE 4TH |
|
Mississippi Braves batting - Pitching for San Jose Giants : LHP Drew Roemer
|
|
Batting: RHB Paul Landes
|
0-0: Ball 1-0: Ball 2-0: Foul Ball, location: 2F 2-1: Foul Ball, location: 2F 2-2: Ball 3-2: Fly out, F6 (Popup, 6M, EV 72.5 MPH)
|
|
Batting: SHB Jose Melendez
|
0-0: Foul Ball, location: 2F 0-1: Fly out, F9 (Line Drive, 9, EV 86.2 MPH)
|
|
Batting: LHB Oke Monti
|
0-0: Ground out U3 (Groundball, 3S, EV 82.5 MPH)
|
| Bottom of the 4th over - 0 runs, 0 hits, 0 errors, 0 left on base; San Jose 1 - Mississippi 1 |
| TOP OF THE 5TH |
|
San Jose Giants batting - Pitching for Mississippi Braves : LHP Mark Gehring
|
|
Batting: RHB Adam Noyes
|
0-0: Ball 1-0: Swinging Strike 1-1: Ball 2-1: Foul Ball, location: 2F 2-2: Ball 3-2: Foul Ball, location: 2F 3-2: Foul Ball, location: 2F 3-2: Base on Balls
|
|
Batting: LHB Yeong-hun Joe
|
0-0: Called Strike 0-1: Ball 1-1: Ball 2-1: Swinging Strike 2-2: Strikes out swinging
|
|
Batting: RHB Guillermo Mojica
|
0-0: Called Strike 0-1: Ball 1-1: Fly out, F6 (Line Drive, 6, EV 70.0 MPH)
|
|
Pitching: RHP Chris Hawkins
|
|
|
Batting: RHB Chris Bittner
|
0-0: Ball Adam Noyes is caught stealing 2nd base 2-4
|
| Top of the 5th over - 0 runs, 0 hits, 0 errors, 0 left on base; San Jose 1 - Mississippi 1 |
| BOTTOM OF THE 5TH |
|
Mississippi Braves batting - Pitching for San Jose Giants : LHP Drew Roemer
|
|
Batting: RHB Elias Vences
|
0-0: Ball 1-0: Swinging Strike 1-1: Called Strike 1-2: Strikes out looking
|
|
Batting: RHB Gerard Michel
|
0-0: Called Strike 0-1: Foul Ball, location: 2F 0-2: Ball 1-2: Strikes out swinging, 2-3 out at first.
|
|
Batting: LHB Luis Cruz
|
0-0: Foul Ball, location: 2F 0-1: Ball 1-1: Ball 2-1: Ground out 4-3 (Groundball, 4, EV 90.6 MPH)
|
| Bottom of the 5th over - 0 runs, 0 hits, 0 errors, 0 left on base; San Jose 1 - Mississippi 1 |
| TOP OF THE 6TH |
|
San Jose Giants batting - Pitching for Mississippi Braves : RHP Chris Hawkins
|
|
Batting: RHB Chris Bittner
|
0-0: Called Strike 0-1: Foul Ball, location: 2F 0-2: Strikes out swinging
|
|
Batting: RHB Laroya Foronda
|
0-0: Ball 1-0: Ball 2-0: Ball 3-0: Called Strike 3-1: Base on Balls
|
|
Batting: RHB Billy Pranger
|
Pickoff Throw to First - Out! 1-3 CS 0-0: Called Strike 0-1: Fly out, F7 (Line Drive, 7S, EV 93.8 MPH)
|
| Top of the 6th over - 0 runs, 0 hits, 0 errors, 0 left on base; San Jose 1 - Mississippi 1 |
| BOTTOM OF THE 6TH |
|
Mississippi Braves batting - Pitching for San Jose Giants : LHP Drew Roemer
|
|
Batting: LHB Sal Fernandez
|
0-0: Called Strike 0-1: Ball 1-1: Foul Ball, location: 2F 1-2: Ball 2-2: Foul Ball, location: 2F 2-2: Ball 3-2: Foul Ball, location: 2F 3-2: Foul Ball, location: 2F 3-2: SINGLE (Flyball, 7LS, EV 97.5 MPH)
|
|
Batting: RHB Eddie McCoy
|
0-0: Foul Ball, location: 2F 0-1: Ball 1-1: Ball 2-1: Ball 3-1: Called Strike 3-2: Foul Ball, location: 2F 3-2: Ground out 6-3 (Groundball, P, EV 84.4 MPH) Sal Fernandez to second
|
|
Batting: RHB Luis Restrepo
|
0-0: Ball 1-0: Foul Ball, location: 2F 1-1: Foul Ball, location: 2F 1-2: Ball 2-2: Ground out 2-3 (Groundball, 2L, EV 75.6 MPH) Sal Fernandez to third
|
|
Batting: RHB Paul Landes
|
0-0: Intentional Walk
|
|
Batting: SHB Jose Melendez
|
0-0: Foul Ball, location: 2F 0-1: Fly out, F4 (Popup, 34, EV 74.4 MPH)
|
| Bottom of the 6th over - 0 runs, 1 hit, 0 errors, 2 left on base; San Jose 1 - Mississippi 1 |
| TOP OF THE 7TH |
|
San Jose Giants batting - Pitching for Mississippi Braves : RHP Chris Hawkins
|
|
Batting: LHB Ryan Braden
|
0-0: Called Strike 0-1: Ball 1-1: Ball 2-1: Ball 3-1: Base on Balls
|
|
Batting: RHB Azedine Kirui
|
0-0: Bunt missed! 0-1: Ball 1-1: Bunt missed! 1-2: Ground out 5-3 (Groundball, P, EV 78.8 MPH) Ryan Braden to second
|
|
Batting: SHB David Beauchamp
|
0-0: Intentional Walk
|
|
Pinch Hitting: SHB Mitchell Greene
|
0-0: Called Strike 0-1: Called Strike 0-2: Ball 1-2: Foul Ball, location: 2F 1-2: Foul Ball, location: 2F 1-2: Foul Ball, location: 2F 1-2: Ball 2-2: Ball 3-2: Foul Ball, location: 2F 3-2: Base on Balls Ryan Braden to third David Beauchamp to second
|
|
Pitching: RHP Justin Collins
|
|
|
Batting: LHB Yeong-hun Joe
|
0-0: Called Strike 0-1: Foul Ball, location: 2F 0-2: Ball 1-2: GRAND SLAM HOME RUN (Flyball, 9LD, EV 96.9 MPH), Distance : 350 ft
|
|
Batting: RHB Guillermo Mojica
|
0-0: Called Strike 0-1: SINGLE (Groundball, 56D, EV 96.9 MPH)
|
|
Batting: RHB Chris Bittner
|
0-0: Ball Guillermo Mojica steals 2nd base 1-0: Called Strike 1-1: Foul Ball, location: 2F 1-2: Strikes out looking
|
|
Batting: RHB Laroya Foronda
|
0-0: Ball 1-0: Swinging Strike 1-1: Ball 2-1: Ball 3-1: Ground out 5-3 (Groundball, 56S, EV 86.2 MPH)
|
| Top of the 7th over - 4 runs, 2 hits, 0 errors, 1 left on base; San Jose 5 - Mississippi 1 |
| BOTTOM OF THE 7TH |
|
Mississippi Braves batting - Pitching for San Jose Giants : LHP Drew Roemer
|
|
Now at 2B: Alex Belton
|
|
|
Now in LF: Ian Richardson
|
|
|
Now in CF: Ryan Braden
|
|
|
Batting: LHB Oke Monti
|
0-0: Ball 1-0: Ball 2-0: Called Strike 2-1: SINGLE (Groundball, 4D, EV 105.6 MPH)
|
|
Pitching: RHP Israel Alvarado
|
|
|
Batting: RHB Elias Vences
|
0-0: Ball 1-0: SINGLE (Groundball, 56, EV 106.2 MPH) Oke Monti to second
|
|
Batting: RHB Gerard Michel
|
0-0: Ball 1-0: Ball 2-0: Ball 3-0: Base on Balls Oke Monti to third Elias Vences to second
|
|
Batting: LHB Luis Cruz
|
0-0: Called Strike 0-1: Ball 1-1: DOUBLE (Groundball, 3L, EV 104.4 MPH) Oke Monti scores Elias Vences scores Gerard Michel to third
|
|
Batting: LHB Sal Fernandez
|
0-0: Called Strike 0-1: Called Strike 0-2: Ball 1-2: Strikes out swinging
|
|
Batting: RHB Eddie McCoy
|
0-0: Ball 1-0: Ball 2-0: Called Strike 2-1: Swinging Strike 2-2: Ball 3-2: Ground out 6-3 (Groundball, 6S, EV 80.0 MPH) Gerard Michel scores Luis Cruz to third
|
|
Batting: RHB Luis Restrepo
|
0-0: Called Strike 0-1: Ball 1-1: Ball 2-1: Called Strike 2-2: Strikes out swinging
|
| Bottom of the 7th over - 3 runs, 3 hits, 0 errors, 1 left on base; San Jose 5 - Mississippi 4 |
| TOP OF THE 8TH |
|
San Jose Giants batting - Pitching for Mississippi Braves : RHP Justin Collins
|
|
Pitching: RHP Ioakim Mozgo
|
|
|
Batting: RHB Billy Pranger
|
0-0: Ball 1-0: Foul Ball, location: 2F 1-1: Foul Ball, location: 2F 1-2: Strikes out swinging
|
|
Batting: LHB Ryan Braden
|
0-0: Ball 1-0: Called Strike 1-1: Ball 2-1: Called Strike 2-2: Strikes out swinging
|
|
Batting: RHB Azedine Kirui
|
0-0: Foul Ball, location: 2F 0-1: Ball 1-1: Fly out, F8 (Line Drive, 78M, EV 97.5 MPH)
|
| Top of the 8th over - 0 runs, 0 hits, 0 errors, 0 left on base; San Jose 5 - Mississippi 4 |
| BOTTOM OF THE 8TH |
|
Mississippi Braves batting - Pitching for San Jose Giants : RHP Israel Alvarado
|
|
Now at 3B: Jerry Massey
|
|
|
Batting: RHB Paul Landes
|
0-0: Ball 1-0: Ball 2-0: Ball 3-0: Base on Balls
|
|
Pitching: RHP Jim Sprayberry
|
|
|
Batting: SHB Jose Melendez
|
0-0: Called Strike 0-1: Fielders Choice at 2nd, 1-6 (Groundball, P, EV 75.6 MPH)
|
|
Batting: LHB Oke Monti
|
0-0: Ball 1-0: Called Strike 1-1: Foul Ball, location: 2F 1-2: Ball 2-2: Ball 3-2: Grounds out, U3 (Groundball, 3L, EV 109.4 MPH)
|
|
Batting: RHB Elias Vences
|
0-0: Fly out, F8 (Line Drive, 8RM, EV 86.2 MPH)
|
| Bottom of the 8th over - 0 runs, 0 hits, 0 errors, 1 left on base; San Jose 5 - Mississippi 4 |
| TOP OF THE 9TH |
|
San Jose Giants batting - Pitching for Mississippi Braves : RHP Ioakim Mozgo
|
|
Batting: SHB David Beauchamp
|
0-0: Ball 1-0: Called Strike 1-1: Called Strike 1-2: Foul Ball, location: 2F 1-2: Strikes out looking
|
|
Batting: RHB Ian Richardson
|
0-0: Called Strike 0-1: Called Strike 0-2: Strikes out swinging
|
|
Batting: LHB Yeong-hun Joe
|
0-0: Swinging Strike 0-1: Called Strike 0-2: Ball 1-2: Ball 2-2: Foul Ball, location: 2F 2-2: Strikes out looking
|
| Top of the 9th over - 0 runs, 0 hits, 0 errors, 0 left on base; San Jose 5 - Mississippi 4 |
| BOTTOM OF THE 9TH |
|
Mississippi Braves batting - Pitching for San Jose Giants : RHP Jim Sprayberry
|
|
Pitching: RHP Danny MacKinnon
|
|
|
Batting: RHB Gerard Michel
|
0-0: Called Strike 0-1: Ball 1-1: Foul Ball, location: 2F 1-2: Foul Ball, location: 2F 1-2: Foul Ball, location: 2F 1-2: Strikes out swinging
|
|
Batting: LHB Luis Cruz
|
0-0: Ball 1-0: Swinging Strike 1-1: Ball 2-1: Ball 3-1: Ground out 4-3 (Groundball, 4, EV 80.6 MPH)
|
|
Batting: LHB Sal Fernandez
|
0-0: Swinging Strike 0-1: Ball 1-1: Ball 2-1: Ball 3-1: Called Strike 3-2: DOUBLE (Groundball, 3L, EV 103.8 MPH)
|
|
Batting: RHB Eddie McCoy
|
0-0: Swinging Strike 0-1: Ball 1-1: Foul Ball, location: 2F 1-2: Ball 2-2: Foul Ball, location: 2F 2-2: Strikes out looking
|
| Bottom of the 9th over - 0 runs, 1 hit, 0 errors, 1 left on base; San Jose 5 - Mississippi 4 |
|